 Dungeon Crawl Stone Soup version 0.30.1-4-g462c640d31 (webtiles) character file.

Game seed: 4245821297620162799

6344 Wiggles the Cleaver (level 10, -3/91 HPs)
             Began as a Minotaur Berserker on Aug 10, 2023.
             Was an Elder of Trog.
             Killed by divine providence
             ... invoked by a daeva
              (14 damage)
             ... on level 1 of the Abyss.
             The game lasted 00:16:11 (7630 turns).

Wiggles the Cleaver (Minotaur Berserker)            Turns: 7630, Time: 00:16:12

Health: -3/91      AC: 24    Str: 31    XL:     10   Next: 64%
Magic:  9/9        EV: 10    Int:  4    God:    Trog [****..]
Gold:   751        SH:  7    Dex: 25    Spells: 9/9 levels left

rFire   + . .        M - +0 broad axe
rCold   . . .        b - +0 buckler
rNeg    . . .        m - +3 plate armour
rPois   .            u - +2 hat
rElec   .            a - +2 cloak
rCorr   .            (no gloves)
SInv    .            s - +0 pair of boots
Will    .....        y - amulet of regeneration Stlth
                     l - +6 ring of dexterity
HPRegen 1.15/turn    c - ring "Uhusm" {Drain rF+ Str+6 Dex+8}
MPRegen 0.11/turn

%: no passive effects
@: on berserk cooldown, slowed, glowing, very slow
A: horns 2, retaliatory headbutt
a: Renounce Religion, Berserk, Trog's Hand, Brothers in Arms


You were on level 1 of the Abyss.
You worshipped Trog.
Trog was greatly pleased with you.
You visited 1 branch of the dungeon, and saw 9 of its levels.
You visited the Abyss 1 time.
You also visited: Ossuary.

You collected 1667 gold pieces.
You spent 916 gold pieces at shops.

Inventory:

Hand Weapons
 M - a +0 broad axe (weapon)
Missiles
 k - 6 throwing nets (quivered)
Armour
 a - a +2 cloak (worn)
 b - a +0 buckler (worn)
 m - a +3 plate armour (worn)
 s - a +0 pair of boots (worn)
 u - a +2 hat (worn)
 w - a scarf of repulsion
Jewellery
 c - the ring "Uhusm" (right hand) {Drain rF+ Str+6 Dex+8}
   (You bought it in a shop on level 6 of the Dungeon)

   [ring of strength]

   Str:       It affects your strength (+6).
   Dex:       It affects your dexterity (+8).
   rF:        It protects you from fire.
   Drain:     It drains your maximum health when unequipped.
 l - a +6 ring of dexterity (left hand)
 y - an amulet of regeneration (around neck)
 F - a ring of protection from fire
 J - a ring of poison resistance
 K - a ring of fire
Wands
 n - a wand of light (17)
 r - a wand of flame (37)
 C - a wand of polymorph (6)
 H - a wand of paralysis (9)
 L - a wand of iceblast (6)
Scrolls
 e - a scroll of enchant weapon
 f - a scroll of poison
 g - 2 scrolls of fear
 p - 2 scrolls of blinking
 t - 2 scrolls of teleportation
 v - a scroll of fog {unknown}
 B - a scroll of amnesia
 D - a scroll of butterflies
Potions
 d - 5 potions of might
 h - 10 potions of curing
 i - a potion of lignification
 j - 7 potions of flight
 o - 4 potions of haste
 q - a potion of magic
 x - a potion of brilliance
 z - a potion of berserk rage
 A - 2 potions of attraction
 E - 2 potions of resistance
 G - a potion of ambrosia {unknown}
 I - 2 potions of heal wounds


   Skills:
 + Level 9.4 Fighting
 + Level 13.9 Axes
 + Level 9.2 Armour
 + Level 3.6 Dodging
 + Level 1.0 Stealth
 + Level 4.7 Shields


You had 9 spell levels left.
You didn't know any spells.
Your spell library was empty.

Dungeon Overview and Level Annotations

Branches:
Dungeon (9/15)             Temple (0/1) D:4         Ossuary (visited)
   Lair: D:8-11         Orc: D:9-12

Altars:
Fedhas
Kikubaaqudgha
Nemelex Xobeh
Okawaru
Sif Muna
Xom
Yredelemnul
Zin

Shops:
D:1 [   D:6 =   D:9 :

Annotations:
D:9 Erolcha


Innate Abilities, Weirdness & Mutations

You have a pair of horns on your head.
You reflexively headbutt those who attack you in melee.


Message History

The daeva blocks your attack.
The daeva hits you with a +4 scimitar of holy wrath!!
The daeva hits you with a +4 scimitar of holy wrath.
You slice the daeva!! The daeva blocks your attack.
The daeva is lightly wounded.
The daeva calls down the wrath of the Shining One upon you.
The Shining One smites you!
You feel a strong urge to attack something.
You are no longer berserk.
You are exhausted.
You feel yourself slow down.
You completely miss the daeva.
The daeva is lightly wounded.
The daeva calls down the wrath of the Shining One upon you.
The Shining One smites you! The daeva blocks your attack.
Your headbutt misses the daeva.
The daeva is lightly wounded.
The daeva calls down the wrath of the Shining One upon you.
The Shining One smites you!
The daeva hits you with a +4 scimitar of holy wrath.
You block the daeva's attack. The daeva blocks your attack.
The daeva is lightly wounded.
The daeva hits you but does no damage. The daeva closely misses you.
The daeva calls down the wrath of the Shining One upon you.
The Shining One smites you!
* * * LOW HITPOINT WARNING * * *
The daeva blocks your attack.
The daeva is lightly wounded.
The daeva hits you but does no damage.
The daeva hits you with a +4 scimitar of holy wrath!
* * * LOW HITPOINT WARNING * * *
The daeva calls down the wrath of the Shining One upon you.
The Shining One smites you!
* * * LOW HITPOINT WARNING * * *
The daeva blocks your attack.
The daeva is lightly wounded.
The daeva calls down the wrath of the Shining One upon you.
The Shining One smites you!
You die...

... ... ...
#####'###
#.......#
.##.......# #.
..........##.#
.......@..#..#
.......A..#.#
#...........#
#.........###
#.........#
#.........#
....#.#####
..#... .#....


You could see a daeva.

Vanquished Creatures
  Harold (D:9)
  The ghost of bairyn the Covert, a novice SpRe of Sif Muna (D:8)
  Pikel (D:8)
  Joseph (D:7)
  Psyche (D:8)
  A komodo dragon (D:8)
  Prince Ribbit (D:9)
  A slime creature (D:8)
  A shadow (D:9)
  A wyvern (D:9)
  5 yaks (D:9)
  Menkaure (D:7)
  A water moccasin (D:5)
  An orc warrior (D:8)
  A sky beast (D:8)
  7 ogres
  2 lemures (D:8)
  A centaur (D:7)
  A phantom (D:5)
  3 bullfrogs
  4 scorpions
  2 killer bees
  2 centaur zombies (Ossuary)
  2 jellies
  4 orc priests
  A hound (D:4)
  Jessica (D:3)
  3 iguanas (D:8)
  7 orc wizards
  4 mummies (Ossuary)
  Robin (D:2)
  13 gnolls
  9 adders
  2 white imps
  An ufetubus (D:7)
  A worm (D:3)
  24 orcs
  3 ball pythons
  3 bats
  9 endoplasms
  2 giant cockroaches
  20 goblins
  7 hobgoblins
  12 jackals
  6 kobolds
  6 quokkas
  6 frilled lizards
  2 gnoll zombies (Ossuary)
  A goblin zombie (Ossuary)
  A hobgoblin zombie (Ossuary)
  A kobold zombie (Ossuary)
  An orc zombie (Ossuary)
  4 rats
198 creatures vanquished.

Vanquished Creatures (collateral kills)
  A hound (D:7)
  A gnoll bouda (D:7)
  2 orc priests (D:7)
  An orc (D:7)
5 creatures vanquished.

Vanquished Creatures (others)
  A giant cockroach (D:1)
1 creature vanquished.

Grand Total: 204 creatures vanquished

Notes
Turn   | Place    | Note
-------+----------+-------------------------------------------
     0 | D:1      | Wiggles the Minotaur Berserker began the quest for the Orb.
     0 | D:1      | Reached XP level 1. HP: 19/19 MP: 0/0
   104 | D:1      | Found Jegrim's Antique Armour Emporium.
   339 | D:1      | Reached skill level 4 in Axes
   339 | D:1      | Reached XP level 2. HP: 22/27 MP: 1/1
   905 | D:2      | Reached ** piety under Trog
   906 | D:2      | Reached XP level 3. HP: 31/33 MP: 2/2
   940 | D:2      | Found a faded altar of an unknown god.
  1137 | D:2      | Noticed Robin
  1145 | D:2      | Reached XP level 4. HP: 21/41 MP: 3/3
  1149 | D:2      | Killed Robin
  1150 | D:2      | Reached skill level 5 in Axes
  1813 | D:3      | Reached XP level 5. HP: 47/47 MP: 4/4
  1980 | D:3      | Reached *** piety under Trog
  2353 | D:3      | Reached skill level 6 in Axes
  2368 | D:3      | Noticed Jessica
  2376 | D:3      | Killed Jessica
  2501 | D:3      | Reached skill level 5 in Fighting
  2659 | D:4      | Noticed an ogre
  2665 | D:4      | Killed an ogre
  2666 | D:4      | Reached XP level 6. HP: 50/56 MP: 5/5
  2803 | D:4      | Found a staircase to the Ecumenical Temple.
  2955 | D:1      | Bought an embroidered hat for 182 gold pieces
  3021 | D:4      | Reached skill level 7 in Axes
  3488 | D:4      | Reached XP level 7. HP: 18/62 MP: 6/6
  3688 | D:4      | Found an iron altar of Okawaru.
  3691 | D:4      | Found a shimmering altar of Xom.
  3691 | D:4      | Found a shimmering blue altar of Sif Muna.
  3706 | D:4      | Found a sparkling altar of Nemelex Xobeh.
  3708 | D:4      | Found an ancient bone altar of Kikubaaqudgha.
  3797 | D:5      | Entered Level 5 of the Dungeon
  3806 | D:5      | Reached skill level 1 in Shields
  4021 | D:5      | Reached skill level 8 in Axes
  4021 | D:5      | Reached skill level 5 in Armour
  4253 | D:5      | Reached XP level 8. HP: 70/70 MP: 7/7
  4608 | D:6      | Reached **** piety under Trog
  5069 | D:6      | Reached skill level 9 in Axes
  5168 | D:6      | Found Qear's Jewellery Shoppe.
  5288 | D:6      | Identified a scroll of acquirement
  5288 | D:6      | Acquired 1151 gold pieces
  5385 | D:6      | Bought the ring "Uhusm" {Drain rF+ Str+6 Dex+8} for 734
                  | gold pieces
  5471 | D:7      | Found a glowing silver altar of Zin.
  5490 | D:7      | Reached skill level 10 in Axes
  5704 | D:7      | Noticed Joseph
  5708 | D:7      | Noticed Menkaure
  5714 | D:7      | Killed Joseph
  5715 | D:7      | Reached XP level 9. HP: 52/79 MP: 8/8
  5715 | D:7      | You fall into a shaft and drop 1 floor!
  5775 | D:8      | Noticed Pikel
  5777 | D:8      | Found a blossoming altar of Fedhas.
  5785 | D:8      | Killed Pikel
  5786 | D:8      | Reached skill level 11 in Axes
  5830 | D:7      | Killed Menkaure
  5840 | D:7      | Found a sand-covered staircase.
  5850 | Ossuary  | Entered an ossuary
  6280 | D:8      | Noticed Psyche
  6291 | D:8      | Killed Psyche
  6292 | D:8      | Reached skill level 1 in Stealth
  6326 | D:8      | Found a transporter.
  6326 | D:8      | Noticed bairyn's ghost (novice SpRe)
  6347 | D:8      | Found a transporter.
  6515 | D:8      | Reached skill level 12 in Axes
  6527 | D:8      | Killed bairyn's ghost
  6528 | D:8      | Reached XP level 10. HP: 80/89 MP: 9/9
  7024 | D:9      | Reached skill level 13 in Axes
  7129 | D:9      | Noticed Harold
  7145 | D:9      | Killed Harold
  7180 | D:9      | Found Hyucackaw's Book Emporium.
  7222 | D:9      | Found a basalt altar of Yredelemnul.
  7227 | D:9      | Noticed Prince Ribbit
  7235 | D:9      | Killed Prince Ribbit
  7460 | D:9      | Noticed Erolcha
  7469 | Abyss:1  | Cast into level 1 of the Abyss (Erolcha)
  7613 | Abyss:1  | Noticed a daeva
  7630 | Abyss:1  | Killed from afar by a daeva

Illustrated notes

Levels and vault maps discovered:
D:1:      zelgadis_glass_arrival_small, layout_basic, serial_shops,
          nicolae_shop_real_fake_doors, lemuel_flame_loot_1
D:2:      cheibrodos_pilgrimage, layout_basic, ebering_ecumenical_altar_box,
          grunt_ministairs_9, uniq_robin
D:3:      layout_basic, serial_bayou_lagoon_b, uniq_jessica
D:4:      layout_basic, minmay_overflow_temple_star_hex,
          minmay_temple_entry_stoned_glass
D:5:      layout_loops_ring
D:6:      layout_gridville, serial_shops, shop
D:7:      layout_rooms, kennysheep_mini, enter_ossuary_5, uniq_joseph,
          uniq_menkaure
D:8:      layout_loops_corners, mainiacjoe_overflow_alcove_2,
          gammafunk_ghost_arena, dk_vineyard_3, minmay_lizard_king, uniq_psyche,
          uniq_pikel
D:9:      layout_layer_cave, mainiacjoe_overflow_small_starburst, serial_shops,
          nicolae_shop_tiny_statue_garden, uniq_erolcha, uniq_prince_ribbit1,
          uniq_harold
Abyss:1:  base:
D:3

Skill      XL: |  1  2  3  4  5  6  7  8  9 10 |
---------------+-------------------------------+-----
Axes           | 4 5 6 7 8 10 12 13 | 13.9
Fighting       | 4 5 6 7 8 9 |  9.4
Dodging        | 3 |  3.6
Armour         | 3 5 7 8 9 |  9.2
Shields        | 1 2 3 4 |  4.7
Stealth        | 1 |  1.0

Action                     |  1- 3 |  4- 6 |  7- 9 | 10-12 || total
---------------------------+-------+-------+-------+-------++-------
  Melee: Hand axe          |    69 |   156 |     4 |       ||   229
         Headbutt          |    14 |    17 |    33 |    11 ||    75
         War axe           |       |       |   160 |    50 ||   210
         Broad axe         |       |       |       |    15 ||    15
 Invoke: Berserk           |     1 |     4 |     5 |     3 ||    13
         Brothers in Arms  |       |       |     1 |       ||     1
    Use: Scroll            |     1 |       |    26 |       ||    27
 Armour: Animal skin       |    22 |     3 |       |       ||    25
         Plate armour      |       |    81 |   103 |    27 ||   211
  Dodge: Dodged            |    53 |    57 |    59 |    21 ||   190
  Block: Buckler           |       |    25 |    38 |    20 ||    83
